 Dungeon Crawl Stone Soup version 0.31-a0-819-gf6de2f5ab6 (webtiles) character file.

Game seed: 2698656042929845645

852 adelrune the Ruffian (level 7, -8/66 HPs)
             Began as a Troll Shapeshifter on Sept 23, 2023.
             Mangled by a two-headed ogre
             ... wielding a +0 dire flail
              (23 damage)
             ... on level 5 of the Dungeon.
             The game lasted 00:08:24 (4461 turns).

adelrune the Ruffian (Troll Shapeshifter)           Turns: 4461, Time: 00:08:25

Health: -8/66      AC:  4    Str: 29    XL:     7   Next: 69%
Magic:  6/6        EV: 10    Int: 16    God:
Gold:   257        SH:  0    Dex:  9    Spells: 6/6 levels left

rFire   . . .        r - +11 war axe "Baadgh" {venom, Fragile Str-2 Int+10 SInv}
rCold   . . .        (no shield)
rNeg    . . .        a - +0 animal skin
rPois   .            (helmet currently unavailable)
rElec   .            (cloak currently unavailable)
rCorr   .            (gloves unavailable)
SInv    +            (boots unavailable)
Will    .....        (no amulet)
Stlth   +            i - +6 ring of strength
HPRegen 1.11/turn    (no ring)
MPRegen 0.10/turn

%: no passive effects
@: beast-form
A: beast (slay +2), large, unfitting armour, claws 3, regeneration 1, shaggy fur
1, tough skin 1
a: Begin Untransformation


You were on level 5 of the Dungeon.
You were a hulking beast.
You visited 1 branch of the dungeon, and saw 6 of its levels.

You collected 257 gold pieces.

Inventory:

Hand Weapons
 r - the +11 war axe "Baadgh" (weapon) {venom, Fragile Str-2 Int+10 SInv}
   (You found it on level 3 of the Dungeon)

   Str-2:     It affects your strength (-2).
   Int+10:    It affects your intelligence (+10).
   SInv:      It lets you see invisible.
   Fragile:   It will be destroyed if unequipped.
Missiles
 x - a throwing net
Armour
 a - a +0 animal skin (worn)
 e - a +1 hat
 w - an orb of mayhem
Jewellery
 i - a +6 ring of strength (left claw)
 y - a ring of wizardry
 z - a ring of willpower
Talismans
 c - a beast talisman (active)
 d - a flux talisman
 h - a serpent talisman
Scrolls
 g - a scroll of silence {unknown}
 j - a scroll of enchant armour {unknown}
 l - 2 scrolls of immolation {unknown}
 m - 2 scrolls of blinking {unknown}
 p - a scroll of brand weapon {unknown}
 q - 3 scrolls of teleportation {unknown}
 u - 2 scrolls of enchant weapon {unknown}
 v - 5 scrolls of identify {unknown}
 A - a scroll of noise {unknown}
Potions
 b - 2 potions of lignification
 f - 3 potions of enlightenment {unknown}
 k - a potion of berserk rage {unknown}
 n - a potion of haste {unknown}
 o - a potion of ambrosia {unknown}
 s - 5 potions of curing {unknown}
 t - 2 potions of degeneration {unknown}


   Skills:
 + Level 2.8 Fighting
 + Level 3.4 Dodging
 * Level 6.4 Unarmed Combat
 + Level 4.8 Shapeshifting


You had 6 spell levels left.
You didn't know any spells.
Your spell library contained the following spells:

 Spells                   Type           Power      Damage    Failure   Level
 Shock                    Conj/Air       0%         1d3       26%         1
 Slow                     Hex            0%         N/A       26%         1
 Confusing Touch          Hex            0%         N/A       58%         3
 Sigil of Binding         Hex            0%         N/A       58%         3
 Swiftness                Air            0%         N/A       58%         3
 Vampiric Draining        Necr           0%         2d6       58%         3
 Airstrike                Air            0%         2d(0-16)  94%         4
 Alistair's Intoxication  Tmut/Pois      0%         N/A       100%        5
 Borgnjor's Vile Clutch   Necr/Erth      0%         N/A       100%        5
 Eringya's Noxious Bog    Tmut/Pois      0%         4d6       100%        6


Dungeon Overview and Level Annotations

Branches:
Dungeon (6/15)
 Temple: D:4-7

Altars:
Zin

Shops:
D:3 *   D:5 =


Innate Abilities, Weirdness & Mutations

You are a hulking beast.
Your limbs bulge with bestial killing power. (Slay +2)
You are too large for most types of armour.
You have claws for hands.
Your natural rate of healing is unusually fast.
You are covered in fur. (AC +1)
You have tough skin. (AC +1)


Message History

You completely miss the wight. The wight hits you with a +2 scimitar!
You feel drained.
You slash the wight!
The wight is almost destroyed.
The wight hits you with a +2 scimitar! x2
You slash the wight!
You destroy the wight!
Your life force feels restored.
Things that are here:
a +2 scimitar; a +0 robe You start resting.
HP restored.
Things that are here:
a +2 scimitar; a +0 robe A two-headed ogre comes into view.
It is wielding a +0 dire flail and a +0 giant club.
Okay, then.
Okay, then. 2 wights come into view.
A wight is wielding a +0 halberd and wearing a +0 robe of cold resistance.
Things that are here:
a +2 scimitar; a +0 robe
There is a stone staircase leading up here.
The two-headed ogre misses you.
The two-headed ogre hits you with a +0 giant club.
You climb upwards.
There is a stone staircase leading down here.
You slice the two-headed ogre!!
The two-headed ogre looks as sick as possible!
The two-headed ogre is moderately wounded.
The two-headed ogre hits you with a +0 dire flail!!
The two-headed ogre hits you with a +0 giant club!!
* * * LOW HITPOINT WARNING * * *
You are too injured to fight recklessly!
You are too injured to fight recklessly!
You are too injured to fight recklessly!
You are too injured to fight recklessly!
You barely miss the two-headed ogre.
The two-headed ogre is heavily wounded.
The two-headed ogre hits you with a +0 dire flail!!
You die...

..##...........'..##..#†....'...#
..##...##......#..##..#[....#..##
..#######.....##......#.....##'#.
..#....#########.^....#.....+..'.
..##....#.....#.......#.....#..#.
..##....'.....#.......#.....##+#.
..##...##.....#.......#..........
..##...##.....#..O....#..........
..##....#.....#.h.....#..........
..##...###'#########..#..........
..######..........##..#..........
..#...............#...#.....#####
..'...............#...#.....'....
###...............##'##.....#....
........#####.........[.....#####
...######...#...............#....
...#........#...............'....


You could see a two-headed ogre (extremely poisoned).

Vanquished Creatures
  An ice beast (D:5)
  A phantom (D:5)
  3 scorpions
  A wight (D:6)
  2 jellies (D:4)
  2 hounds (D:5)
  An orc priest (D:4)
  A gnoll bouda (D:3)
  2 sleepcaps (D:5)
  An iguana (D:5)
  4 gnolls
  8 adders
  A shadow imp (D:5)
  An ufetubus (D:5)
  2 worms (D:3)
  3 dart slugs
  12 orcs
  8 ball pythons
  6 endoplasms
  5 giant cockroaches
  3 goblins
  6 hobgoblins
  3 jackals (D:5)
  2 quokkas
  2 bats (D:3)
  2 frilled lizards
  6 kobolds
  4 rats
93 creatures vanquished.

Notes
Turn   | Place    | Note
-------+----------+-------------------------------------------
     0 | D:1      | adelrune the Troll Shapeshifter began the quest for the
                  | Orb.
     0 | D:1      | Reached XP level 1. HP: 18/18 MP: 0/0
   214 | D:1      | Reached XP level 2. HP: 26/26 MP: 1/1
   657 | D:2      | Reached XP level 3. HP: 32/32 MP: 2/2
   862 | D:2      | Reached skill level 4 in Unarmed Combat
   989 | D:2      | Reached XP level 4. HP: 40/40 MP: 3/3
  1534 | D:3      | Found Zin's Purification Station.
  1534 | D:3      | Found a glowing silver altar of Zin.
  1571 | D:3      | Identified the +11 war axe "Baadgh" {venom, Fragile Str-2
                  | Int+10 SInv}
  1671 | D:3      | Reached skill level 1 in Fighting
  1861 | D:3      | Found a faded altar of an unknown god.
  2575 | D:4      | Reached XP level 5. HP: 23/48 MP: 4/4
  2848 | D:4      | Reached skill level 5 in Unarmed Combat
  2854 | D:4      | Reached XP level 6. HP: 43/57 MP: 5/5
  3579 | D:5      | Entered Level 5 of the Dungeon
  3655 | D:5      | Noticed an ice beast
  3660 | D:5      | Killed an ice beast
  3661 | D:5      | Reached XP level 7. HP: 23/65 MP: 6/6
  3913 | D:5      | Reached skill level 6 in Unarmed Combat
  3949 | D:5      | Found a transporter.
  3949 | D:5      | Found Xatsioc's Jewellery Shop.
  3952 | D:5      | Found a transporter.
  4440 | D:6      | Noticed a two-headed ogre
  4461 | D:5      | Mangled by a two-headed ogre

Illustrated notes

Levels and vault maps discovered:
D:1:      elethiomel_arrival_shortcut, layout_loops_ring,
          amcnicky_mini_rare_corridor_liquid, minmay_tromino_v2
D:2:      layout_basic, minmay_misc_feat_roman, kennysheep_another_room,
          minmay_distorted
D:3:      layout_loops_corners, zin_purify, hellmonk_ecumenical_altar_zigzags,
          grunt_ministairs_5, dk_noncrumbling_2, amethyst_killhole
D:4:      layout_basic, columned_hall_lemuel
D:5:      layout_gridville, serial_shops, nicolae_shop_drivethru
D:6:      layout_layer_cave, uniq_edmund, uniq_pikel, uniq_sigmund

Skill      XL: |  1  2  3  4  5  6  7 |
---------------+----------------------+-----
Unarmed Combat | 4 5 6 |  6.4
Dodging        | 2 3 |  3.4
Fighting       | 1 2 |  2.8
Shapeshifting  | 4 |  4.8

Action                     |  1- 3 |  4- 6 |  7- 9 || total
---------------------------+-------+-------+-------++-------
  Melee: Unarmed           |    61 |    21 |       ||    82
         War axe           |       |    80 |    30 ||   110
         Punch             |       |     3 |     1 ||     4
   Stab: Sleeping          |     1 |       |       ||     1
 Armour: Animal skin       |    30 |    88 |    24 ||   142
  Dodge: Dodged            |    25 |    49 |    14 ||    88

Table legend: (Time is in decaauts)
 A = Elapsed time spent in this place.
 B = Non-inter-level travel time spent in this place.
 C = Inter-level travel time spent in this place.
 D = Time resting spent in this place.
 E = Time spent auto-exploring this place.
 F = Levels seen in this place.
 G = Mean time per level.
                   A        B        C        D        E       F      G
               +--------+--------+--------+--------+--------+-----+--------+
         Total |   4510 |   4309 |    201 |    168 |   3401 |   6 |  751.7 |
       Dungeon |   4510 |   4309 |    201 |    168 |   3401 |   6 |  751.7 |
               +--------+--------+--------+--------+--------+-----+--------+

Top non-repeatable levels by time:
     D:3: 1127 daAuts
     D:4: 1004 daAuts
     D:2: 840 daAuts
     D:5: 800 daAuts
     D:1: 638 daAuts
     D:6: 99 daAuts
